[Event "GER-ch Youth U12w 2019"]
[Site "Willingen"]
[Date "2019.06.14"]
[Round "8.3"]
[White "Pohle, Saskia"]
[Black "Sereda, Yaroslava"]
[Result "0-1"]
[ECO "B34"]
[WhiteElo "1819"]
[BlackElo "1626"]
[Annotator "NA"]
[PlyCount "119"]
[EventDate "2019.06.07"]
[EventType "swiss"]
[EventRounds "9"]
[EventCountry "GER"]
[SourceTitle "playchess.com"]
[Source "ChessBase"]
[SourceQuality "1"]
[TimeControl "40/4500+30:900+30"]

1. e4 c5 2. Nf3 Nc6 3. d4 cxd4 4. Nxd4 g6 5. Nxc6 bxc6 6. Qd4 Nf6 7. e5 Nd5 8. Nc3 Nxc3 9. e6 f6 10. exd7+ Bxd7 11. Qxc3 Qc8 12. Bc4 Be6 13. Bf4 Bxc4 14. Qxc4 Qb7 15. O-O-O e5 16. Qe6+ Be7 17. Bh6 Qc8 18. Qc4 Bf8 19. Bxf8 Rxf8 20. Rd6 Rf7 21. Rxc6 Qf5 22. Re6+ Kf8 23. Rd1 Qxf2 24. Qc6 Qf4+ 25. Kb1 Qg4 26. Qxa8+ Kg7 27. Qf3 Qxe6 28. c4 Qxc4 29. Qd5 Qxd5 30. Rxd5 Rc7 31. b4 Rb7 32. a3 Kf7 33. Kc2 Ke6 34. Rc5 f5 35. Kd3 Kd6 36. h3 a6 37. Ra5 Rb6 38. Ke3 Rc6 39. Kd3 Ke6 40. b5 axb5 41. Rxb5 Ra6 42. Rb3 Ra4 43. Rb6+ Kf7 44. Rb7+ Kg8 45. Rb8+ Kg7 46. Rb3 e4+ 47. Ke3 g5 48. g3 h6 49. Rc3 Kf7 50. Rb3 Ke7 51. Rb7+ Kd8 52. Rb3 Kc7 53. Rc3+ Kd6 54. Rb3 Kc5 55. Rc3+ Kd5 56. h4 Ra5 57. h5 Ke5 58. Rb3 f4+ 59. gxf4+ gxf4+ 60. Ke2 {[%emt 0:00:00] normal} 0-1

[Event "GER-ch Youth U12w 2019"]
[Site "Willingen"]
[Date "2019.06.14"]
[Round "8.4"]
[White "Peglau, Charis"]
[Black "Ding, Tina"]
[Result "1/2-1/2"]
[ECO "B38"]
[WhiteElo "1514"]
[BlackElo "1180"]
[Annotator "NA"]
[PlyCount "71"]
[EventDate "2019.06.07"]
[EventType "swiss"]
[EventRounds "9"]
[EventCountry "GER"]
[SourceTitle "playchess.com"]
[Source "ChessBase"]
[SourceQuality "1"]
[TimeControl "40/4500+30:900+30"]

1. e4 c5 2. Nf3 Nc6 3. d4 cxd4 4. Nxd4 g6 5. c4 Bg7 6. Be3 e6 7. Nc3 Nge7 8. Qd2 O-O 9. Be2 Re8 10. O-O d5 11. Nxc6 bxc6 12. Rfd1 Bb7 13. cxd5 cxd5 14. Bb5 Rf8 15. exd5 Nxd5 16. Nxd5 Bxd5 17. Bc5 Rb8 18. Bxf8 Qxf8 19. a4 Qd8 20. Rab1 Qh4 21. Qe3 Rb6 22. b4 h5 23. Qg3 Qe7 24. Rdc1 a6 25. Rc7 Qf8 26. Bd7 Rxb4 27. Rbc1 Kh7 28. h3 Re4 29. Qd3 Be5 30. R7c2 Rd4 31. Qxa6 Qb4 32. Qb5 Qa3 33. Qc5 Qd3 34. Bb5 Qe4 35. f3 Qe3+ 36. Kf1 {[%emt 0:01:30] normal} 1/2-1/2

[Event "GER-ch Youth U12w 2019"]
[Site "Willingen"]
[Date "2019.06.14"]
[Round "8.5"]
[White "Fischer, Darja"]
[Black "Adelmeyer, Nelly"]
[Result "1/2-1/2"]
[ECO "B33"]
[WhiteElo "1480"]
[BlackElo "1420"]
[Annotator "NA"]
[PlyCount "61"]
[EventDate "2019.06.07"]
[EventType "swiss"]
[EventRounds "9"]
[EventCountry "GER"]
[SourceTitle "playchess.com"]
[Source "ChessBase"]
[SourceQuality "1"]
[TimeControl "40/4500+30:900+30"]

1. e4 c5 2. Nf3 Nc6 3. d4 cxd4 4. Nxd4 Nf6 5. Nc3 Qb6 6. Nb3 e6 7. a3 Be7 8. Be2 O-O 9. O-O Rd8 10. Be3 Qc7 11. f4 d5 12. e5 Nd7 13. Qe1 f6 14. exf6 Nxf6 15. Rd1 a6 16. Qg3 Na5 17. Nxa5 Qxa5 18. Bd4 Bc5 19. Kh1 Bxd4 20. Rxd4 Qc5 21. Qe3 b5 22. Rf3 Ng4 23. Qd3 Bb7 24. Qd2 Rac8 25. Kg1 e5 26. fxe5 Nxe5 27. Rf2 Rf8 28. Rxf8+ Rxf8 29. Kh1 Nc4 30. Bxc4 dxc4 {[%emt 0:00:43] normal} 31. Rf4 {[%emt 0:04:37] normal} 1/2-1/2

[Event "GER-ch Youth U12w 2019"]
[Site "Willingen"]
[Date "2019.06.14"]
[Round "8.6"]
[White "Wilmink, Anna"]
[Black "Trunz, Michelle"]
[Result "1/2-1/2"]
[ECO "B52"]
[WhiteElo "1466"]
[BlackElo "1505"]
[Annotator "NA"]
[PlyCount "118"]
[EventDate "2019.06.07"]
[EventType "swiss"]
[EventRounds "9"]
[EventCountry "GER"]
[SourceTitle "playchess.com"]
[Source "ChessBase"]
[SourceQuality "1"]
[TimeControl "40/4500+30:900+30"]

1. e4 c5 2. Nf3 d6 3. Bb5+ Bd7 4. Bxd7+ Qxd7 5. O-O Nc6 6. c3 Nf6 7. Re1 e6 8. d4 d5 9. e5 Ne4 10. Nbd2 Nxd2 11. Bxd2 b6 12. Be3 Be7 13. Bg5 O-O 14. Bxe7 Nxe7 15. Nh4 Rac8 16. Rc1 Rc7 17. Nf3 Nf5 18. Re2 Qe7 19. a3 Rfc8 20. Rec2 Qd7 21. h3 Qa4 22. Ne1 Rc6 23. Rd2 Qxd1 24. Rcxd1 cxd4 25. cxd4 Rc1 26. Rxc1 Rxc1 27. Kf1 Nh4 28. Rc2 Rxc2 29. Nxc2 Kf8 30. Ne3 Ke7 31. Ke2 Ng6 32. g3 f6 33. f4 h5 34. h4 Nf8 35. Kf3 a6 36. a4 Nd7 37. Nd1 Nb8 38. Nc3 Nc6 39. Ke3 Na5 40. b4 Nc4+ 41. Ke2 Kf7 42. b5 a5 43. Kf3 Kg6 44. g4 hxg4+ 45. Kxg4 Ne3+ 46. Kf3 Nf5 47. Ne2 Nxh4+ 48. Kg4 Ng2 49. f5+ exf5+ 50. Kg3 Ne3 51. e6 Nc4 52. Nf4+ Kh7 53. Nxd5 Kg8 54. Kf4 Nd6 55. Nxb6 g5+ 56. Kf3 Kf8 57. Nd7+ Ke7 58. d5 f4 59. b6 {[%emt 0:00:00] normal} Nb7 {[%emt 0:00:00] normal} 1/2-1/2

[Event "GER-ch Youth U12w 2019"]
[Site "Willingen"]
[Date "2019.06.14"]
[Round "8.7"]
[White "Prinzen, Siri Marleen"]
[Black "Voigt, Anastasia"]
[Result "1-0"]
[ECO "C54"]
[WhiteElo "1505"]
[BlackElo "1447"]
[Annotator "NA"]
[PlyCount "58"]
[EventDate "2019.06.07"]
[EventType "swiss"]
[EventRounds "9"]
[EventCountry "GER"]
[SourceTitle "playchess.com"]
[Source "ChessBase"]
[SourceQuality "1"]
[TimeControl "40/4500+30:900+30"]

1. e4 e5 2. Nf3 Nc6 3. Bc4 Bc5 4. c3 Nf6 5. d3 d6 6. h3 a6 7. Bb3 Ba7 8. Nbd2 Be6 9. O-O h6 10. Re1 Qd7 11. Bxe6 fxe6 12. Nf1 O-O-O 13. Be3 g5 14. Bxa7 Nxa7 15. d4 Qg7 16. Qb3 Rde8 17. dxe5 dxe5 18. Nxe5 Nh5 19. Nd3 b6 20. Qc4 Kb7 21. e5 Rhg8 22. Qe4+ Kb8 23. Nb4 c6 24. Nxa6+ Kb7 25. Nb4 Nf4 26. Nd3 Nxh3+ 27. gxh3 h5 28. Ng3 Qf7 {[%emt 0:00:55] normal} 29. Re3 {[%emt 0:04:06] normal} Rg7 {[%emt 0:02:31] normal} 1-0

[Event "GER-ch Youth U12w 2019"]
[Site "Willingen"]
[Date "2019.06.14"]
[Round "8.8"]
[White "Lieberwirth, Nele"]
[Black "Ulrich, Helena Irene"]
[Result "1-0"]
[ECO "B23"]
[WhiteElo "1385"]
[BlackElo "1514"]
[Annotator "NA"]
[PlyCount "42"]
[EventDate "2019.06.07"]
[EventType "swiss"]
[EventRounds "9"]
[EventCountry "GER"]
[SourceTitle "playchess.com"]
[Source "ChessBase"]
[SourceQuality "1"]
[TimeControl "40/4500+30:900+30"]

1. e4 c5 2. Nc3 Nc6 3. f4 g6 4. Nf3 Bg7 5. Be2 e6 6. d3 Nge7 7. O-O O-O 8. Be3 b6 9. Qe1 f5 10. Rd1 d5 11. Bf2 fxe4 12. dxe4 d4 13. Nb1 Rxf4 14. Bc4 Na5 15. Bg3 Rf8 16. Na3 a6 17. Ng5 Nxc4 18. Nxc4 Rxf1+ 19. Qxf1 b5 20. Qf7+ Kh8 21. Be5 {[%emt 0:01:23] normal} Qg8 {[%emt 0:02:05] normal} 1-0

[Event "GER-ch Youth U12w 2019"]
[Site "Willingen"]
[Date "2019.06.14"]
[Round "8.9"]
[White "von Beckh, Frieda"]
[Black "Hoffmann, Sophia"]
[Result "1-0"]
[ECO "C15"]
[WhiteElo "1465"]
[BlackElo "1347"]
[Annotator "NA"]
[PlyCount "34"]
[EventDate "2019.06.07"]
[EventType "swiss"]
[EventRounds "9"]
[EventCountry "GER"]
[SourceTitle "playchess.com"]
[Source "ChessBase"]
[SourceQuality "1"]
[TimeControl "40/4500+30:900+30"]

1. e4 e6 2. d4 d5 3. Nc3 Bb4 4. exd5 exd5 5. Bd2 Ne7 6. Nf3 O-O 7. Bd3 Nbc6 8. O-O Bg4 9. h3 Bh5 10. Re1 Nxd4 11. g4 Nxf3+ 12. Qxf3 Bg6 13. Re5 d4 14. Ne4 Bxe4 15. Qxe4 f5 16. gxf5 Bxd2 17. Rxe7 Bb4 {[%emt 0:03:39] normal} 1-0

[Event "GER-ch Youth U12w 2019"]
[Site "Willingen"]
[Date "2019.06.15"]
[Round "9.1"]
[White "Zhou, Lepu Coco"]
[Black "Roncea, Andrea-Alexandra"]
[Result "1/2-1/2"]
[ECO "C70"]
[WhiteElo "1724"]
[BlackElo "1558"]
[Annotator "NA"]
[PlyCount "52"]
[EventDate "2019.06.07"]
[EventType "swiss"]
[EventRounds "9"]
[EventCountry "GER"]
[SourceTitle "playchess.com"]
[Source "ChessBase"]
[SourceQuality "1"]
[TimeControl "40/4500+30:900+30"]

1. e4 e5 2. Nf3 Nc6 3. Bb5 a6 4. Ba4 b5 5. Bb3 Bb7 6. O-O Be7 7. c3 Nf6 8. Qe2 O-O 9. d4 d6 10. Rd1 Qc8 11. Nbd2 h6 12. Nf1 Re8 13. Ng3 Bf8 14. h3 exd4 15. cxd4 Nb4 16. Nd2 c5 17. dxc5 dxc5 18. a3 Nc6 19. Nf3 Qc7 20. Bd2 Rad8 21. Bc3 Nd7 22. Nh4 c4 23. Bc2 Nc5 24. Nhf5 g6 25. Ne3 Ne5 26. h4 h5 {[%emt 0:04:29] normal} 1/2-1/2

[Event "GER-ch Youth U12w 2019"]
[Site "Willingen"]
[Date "2019.06.15"]
[Round "9.2"]
[White "Sereda, Yaroslava"]
[Black "Peglau, Charis"]
[Result "1-0"]
[ECO "A06"]
[WhiteElo "1626"]
[BlackElo "1514"]
[Annotator "NA"]
[PlyCount "59"]
[EventDate "2019.06.07"]
[EventType "swiss"]
[EventRounds "9"]
[EventCountry "GER"]
[SourceTitle "playchess.com"]
[Source "ChessBase"]
[SourceQuality "1"]
[TimeControl "40/4500+30:900+30"]

1. g3 d5 2. Nf3 Nf6 3. Bg2 g6 4. O-O Bg7 5. d4 Bf5 6. c4 c6 7. b3 O-O 8. Bb2 Qc7 9. Nc3 dxc4 10. bxc4 Nbd7 11. Nd2 Nb6 12. e4 Bd7 13. e5 Ng4 14. Qe2 Nh6 15. Rfe1 e6 16. Nde4 Nf5 17. Qd3 Rfd8 18. Ba3 Be8 19. Nd6 Nxd6 20. Bxd6 Rxd6 21. exd6 Qxd6 22. Rad1 c5 23. d5 exd5 24. Nxd5 Kh8 25. Nxb6 Qxb6 26. Rb1 Qa5 27. Red1 Qxa2 28. Rxb7 Bd4 29. Rd2 Qa6 30. Re7 {[%emt 0:03:57] normal} 1-0

[Event "GER-ch Youth U12w 2019"]
[Site "Willingen"]
[Date "2019.06.15"]
[Round "9.3"]
[White "Trunz, Michelle"]
[Black "Braeutigam, Katerina"]
[Result "0-1"]
[ECO "B14"]
[WhiteElo "1505"]
[BlackElo "1697"]
[Annotator "NA"]
[PlyCount "80"]
[EventDate "2019.06.07"]
[EventType "swiss"]
[EventRounds "9"]
[EventCountry "GER"]
[SourceTitle "playchess.com"]
[Source "ChessBase"]
[SourceQuality "1"]
[TimeControl "40/4500+30:900+30"]

1. e4 c6 2. d4 d5 3. exd5 cxd5 4. c4 Nf6 5. Nc3 e6 6. c5 b6 7. b4 a5 8. Na4 Nfd7 9. Bb5 bxc5 10. bxc5 Ba6 11. Qb3 Bxb5 12. Qxb5 Qc7 13. Nb6 Ra7 14. f4 Nc6 15. Nf3 Be7 16. O-O O-O 17. Be3 Rb8 18. Rab1 Bd8 19. Rfc1 Rab7 20. Ne5 Ndxe5 21. fxe5 h6 22. Bf2 f6 23. exf6 Bxf6 24. Rd1 Rf8 25. Qe2 Qf7 26. a3 Re7 27. Rd2 Bg5 28. Be3 Bxe3+ 29. Qxe3 Qf6 30. Rbd1 Ref7 31. Qe2 Kh8 32. Na4 Ne7 33. Nc3 Nf5 34. g3 Qg5 35. Rd3 Nh4 36. Kh1 Rf2 37. Qe1 Qg4 38. Qg1 Rg2 39. Qxg2 Nxg2 40. Kxg2 Qf5 {[%emt 0:00:18] normal} 0-1

[Event "GER-ch Youth U12w 2019"]
[Site "Willingen"]
[Date "2019.06.15"]
[Round "9.4"]
[White "Adelmeyer, Nelly"]
[Black "Pohle, Saskia"]
[Result "1-0"]
[ECO "B22"]
[WhiteElo "1420"]
[BlackElo "1819"]
[Annotator "NA"]
[PlyCount "48"]
[EventDate "2019.06.07"]
[EventType "swiss"]
[EventRounds "9"]
[EventCountry "GER"]
[SourceTitle "playchess.com"]
[Source "ChessBase"]
[SourceQuality "1"]
[TimeControl "40/4500+30:900+30"]

1. e4 c5 2. c3 d5 3. exd5 Qxd5 4. Nf3 Nf6 5. Be2 Nc6 6. O-O e6 7. d4 Be7 8. h3 O-O 9. Bf4 b6 10. Ne5 Nxe5 11. dxe5 Qxd1 12. Rxd1 Nd5 13. Bf3 Bb7 14. Bg3 Rad8 15. Na3 Ba8 16. c4 Nb4 17. Bxa8 Rxa8 18. Rd7 Nc6 19. Rad1 a6 20. Rc7 Rfc8 21. Rdd7 Rxc7 22. Rxc7 Nxe5 23. Bxe5 {[%emt 0:00:41] normal} Bd8 {[%emt 0:00:59] normal} 24. Rb7 Rc8 {[%emt 0:01:46] normal} 1-0

[Event "GER-ch Youth U12w 2019"]
[Site "Willingen"]
[Date "2019.06.15"]
[Round "9.5"]
[White "Prinzen, Siri Marleen"]
[Black "Fischer, Darja"]
[Result "1-0"]
[ECO "B12"]
[WhiteElo "1505"]
[BlackElo "1480"]
[Annotator "NA"]
[PlyCount "82"]
[EventDate "2019.06.07"]
[EventType "swiss"]
[EventRounds "9"]
[EventCountry "GER"]
[SourceTitle "playchess.com"]
[Source "ChessBase"]
[SourceQuality "1"]
[TimeControl "40/4500+30:900+30"]

1. e4 c6 2. d4 d5 3. e5 Bf5 4. h4 h6 5. g4 Bg6 6. h5 Bh7 7. e6 fxe6 8. Bd3 Bxd3 9. Qxd3 Qd6 10. Qg6+ Kd8 11. Nf3 Nd7 12. g5 e5 13. gxh6 Qxg6 14. hxg6 Nxh6 15. dxe5 e6 16. Bf4 Be7 17. Nd4 Nb6 18. Nxe6+ Kd7 19. Nxg7 Rag8 20. Rxh6 Rxh6 21. Bxh6 Bf8 22. e6+ Kd6 23. e7 Kxe7 24. Nf5+ Kf6 25. Bxf8 Rxf8 26. g7 Re8+ 27. Ne3 d4 28. g8=Q Rxg8 29. Nd1 Kf5 30. c3 c5 31. cxd4 cxd4 32. Kd2 Ke4 33. Na3 d3 34. Nc3+ Kd4 35. Nab5+ Kc4 36. Nxa7 Rf8 37. Rf1 Rf3 38. Nab5 Nc8 39. Nc7 Nd6 40. N7d5 Kd4 41. Ne3 {[%emt 0:16:34] normal} b5 {[%emt 0:15:54] normal} 1-0

[Event "GER-ch Youth U12w 2019"]
[Site "Willingen"]
[Date "2019.06.15"]
[Round "9.6"]
[White "Lieberwirth, Nele"]
[Black "Wilmink, Anna"]
[Result "0-1"]
[ECO "B38"]
[WhiteElo "1385"]
[BlackElo "1466"]
[Annotator "NA"]
[PlyCount "91"]
[EventDate "2019.06.07"]
[EventType "swiss"]
[EventRounds "9"]
[EventCountry "GER"]
[SourceTitle "playchess.com"]
[Source "ChessBase"]
[SourceQuality "1"]
[TimeControl "40/4500+30:900+30"]

1. e4 c5 2. Nf3 Nc6 3. d4 cxd4 4. Nxd4 g6 5. c4 Bg7 6. Be3 Nf6 7. Nc3 O-O 8. Be2 d6 9. O-O Nd7 10. Qd2 Nc5 11. Bf3 Ne6 12. Nde2 Ne5 13. b3 Nc5 14. Nd4 Nxf3+ 15. Nxf3 Bxc3 16. Qxc3 Nxe4 17. Qd4 Nf6 18. Ng5 Qd7 19. h3 b6 20. Qh4 Bb7 21. Bd4 e5 22. Bc3 Qc6 23. f3 Qc5+ 24. Kh1 Kg7 25. Bd2 h5 26. f4 Qc6 27. Rf2 Rae8 28. Bc3 Qd7 29. Re1 Qd8 30. fxe5 Ne4 31. Bd2 Nxf2+ 32. Qxf2 dxe5 33. Nf3 Bxf3 34. gxf3 Qd7 35. Qh2 Qd3 36. Qg2 Rd8 37. Bb4 Rfe8 38. Qg3 e4 39. Qf2 Qxf3+ 40. Qxf3 exf3 41. Rxe8 Rxe8 42. Kg1 Re2 43. Kf1 Rxa2 44. Bc3+ f6 45. Bd4 Ra3 46. b4 {[%emt 0:00:35] normal} 0-1

[Event "GER-ch Youth U12w 2019"]
[Site "Willingen"]
[Date "2019.06.15"]
[Round "9.7"]
[White "Ding, Tina"]
[Black "Keymer, Cecilia"]
[Result "0-1"]
[ECO "A11"]
[WhiteElo "1180"]
[BlackElo "1511"]
[Annotator "NA"]
[PlyCount "55"]
[EventDate "2019.06.07"]
[EventType "swiss"]
[EventRounds "9"]
[EventCountry "GER"]
[SourceTitle "playchess.com"]
[Source "ChessBase"]
[SourceQuality "1"]
[TimeControl "40/4500+30:900+30"]

1. c4 c6 2. Nc3 d5 3. cxd5 cxd5 4. d4 Nf6 5. g3 Nc6 6. Bg2 Bf5 7. e3 e6 8. Nge2 Be7 9. O-O O-O 10. b3 h6 11. Bb2 Rc8 12. a3 Na5 13. Na4 Bc2 14. Qe1 Nxb3 15. Nac3 Nxa1 16. Qxa1 Bh7 17. Nf4 Qd7 18. Bf3 Rc7 19. a4 a6 20. a5 Bb4 21. Nfe2 Ne4 22. Nxe4 Bxe4 23. Bg4 Qb5 24. Bc3 Rfc8 25. Bxb4 Qxb4 26. Nf4 Qc3 27. Qa4 Bc2 28. Qa2 {[%emt 0:00:48] normal} 0-1

[Event "GER-ch Youth U12w 2019"]
[Site "Willingen"]
[Date "2019.06.15"]
[Round "9.8"]
[White "Hubert, Charlotte"]
[Black "von Beckh, Frieda"]
[Result "0-1"]
[ECO "C47"]
[WhiteElo "1311"]
[BlackElo "1465"]
[Annotator "NA"]
[PlyCount "35"]
[EventDate "2019.06.07"]
[EventType "swiss"]
[EventRounds "9"]
[EventCountry "GER"]
[SourceTitle "playchess.com"]
[Source "ChessBase"]
[SourceQuality "1"]
[TimeControl "40/4500+30:900+30"]

1. e4 e5 2. Nf3 Nc6 3. Nc3 Nf6 4. d4 exd4 5. Nxd4 Nxe4 6. Nxe4 Qe7 7. Be2 Qxe4 8. Nxc6 dxc6 9. O-O Bd7 10. Re1 O-O-O 11. Bd3 Qh4 12. Re4 Qf6 13. Be3 c5 14. Rf4 Qxb2 15. Rb1 Qxa2 16. Ra1 Qb2 17. Rxa7 Kb8 18. Ra1 {[%emt 0:00:25] normal} 0-1

[Event "GER-ch Youth U12w 2019"]
[Site "Willingen"]
[Date "2019.06.15"]
[Round "9.9"]
[White "Voigt, Anastasia"]
[Black "Ulrich, Helena Irene"]
[Result "1-0"]
[ECO "B33"]
[WhiteElo "1447"]
[BlackElo "1514"]
[Annotator "NA"]
[PlyCount "76"]
[EventDate "2019.06.07"]
[EventType "swiss"]
[EventRounds "9"]
[EventCountry "GER"]
[SourceTitle "playchess.com"]
[Source "ChessBase"]
[SourceQuality "1"]
[TimeControl "40/4500+30:900+30"]

1. e4 c5 2. Nf3 Nc6 3. d4 cxd4 4. Nxd4 Nf6 5. Nc3 e5 6. Ndb5 d6 7. Bg5 a6 8. Na3 b5 9. Nd5 Be7 10. Bxf6 Bxf6 11. c3 O-O 12. h4 Rb8 13. Nc2 Be6 14. Nce3 Be7 15. g3 Qd7 16. Be2 Bd8 17. O-O Bb6 18. b3 Bxd5 19. Nxd5 Ne7 20. a4 Ng6 21. Kg2 Bc5 22. b4 Bb6 23. axb5 axb5 24. h5 Ne7 25. Bxb5 Qd8 26. Bc4 Nxd5 27. Bxd5 Qc7 28. Qf3 Rbc8 29. Rac1 Qd7 30. Rfd1 Rfd8 31. c4 Bd4 32. Qe2 Kh8 33. f4 f5 34. exf5 Qxf5 35. fxe5 Bxe5 36. b5 Rb8 37. Rb1 Qg5 38. Rb3 Rf8 {[%emt 0:01:01] normal} 1-0